 Dungeon Crawl Stone Soup version 0.30-a0-297-g0ec75d9ef4 (webtiles) character file.

Game seed: 10669820602446997023

9190 bande the Cleaver (level 11, -2/67 HPs)
             Began as a Gargoyle Fighter on Oct 18, 2022.
             Was a High Priest of Okawaru.
             Slain by a komodo dragon (7 damage)
             ... on level 1 of the Lair of Beasts.
             The game lasted 00:18:18 (9328 turns).

bande the Cleaver (Gargoyle Fighter)                Turns: 9328, Time: 00:18:19

Health: -2/67      AC: 20    Str: 23    XL:     11   Next: 42%
Magic:  16/16      EV:  6    Int:  9    God:    Okawaru [*****.]
Gold:   529        SH: 11    Dex: 12    Spells: 10/10 levels left

rFire   . . .      SeeInvis .    w - +7 broad axe of the Present {vorpal, rCorr}
rCold   + . .      Faith    .    v - +1 kite shield
rNeg    + . .      Spirit   .    r - +0 chain mail
rPois   ∞          Reflect  .    (no helmet)
rElec   +          Harm     .    (no cloak)
rCorr   +          Rampage  .    (no gloves)
Will    .....                    (no boots)
Stlth   ..........               (no amulet)
HPRegen 0.31/turn                y - ring of protection from cold
MPRegen 0.15/turn                (no ring)

@: mighty
A: sickness immunity, AC +8, negative energy resistance 1, electricity
resistance, torment resistance 1, petrification resistance, iridescent scales 1,
strong 1
a: Renounce Religion, Heroism, Finesse, Duel


You were on level 1 of the Lair of Beasts.
You worshipped Okawaru.
Okawaru was extremely pleased with you.
You visited 3 branches of the dungeon, and saw 10 of its levels.
You also visited: Sewer.

You collected 641 gold pieces.
You spent 112 gold pieces at shops.

Inventory:

Hand Weapons
 w - the +7 broad axe of the Present (weapon) {vorpal, rCorr}
   (You acquired it on level 5 of the Dungeon)

   It inflicts extra damage upon your enemies.
   rCorr:     It protects you from acid and corrosion.
 B - a +1 flail of venom
 C - a +2 vorpal war axe
Armour
 r - a +0 chain mail (worn)
 v - a +1 kite shield (worn)
Jewellery
 l - a ring of fire
 y - a ring of protection from cold (left hand)
Wands
 b - a wand of iceblast (6)
 g - a wand of flame (42)
Scrolls
 a - a scroll of magic mapping
 c - 4 scrolls of amnesia
 j - 2 scrolls of blinking
 k - 2 scrolls of enchant weapon
 m - 3 scrolls of fear
 s - a scroll of fog
 u - 3 scrolls of poison
 x - 4 scrolls of teleportation
Potions
 d - 2 potions of might
 e - 2 potions of resistance
 h - a potion of ambrosia
 i - 3 potions of invisibility
 n - 3 potions of cancellation
 o - 4 potions of curing
 p - 2 potions of flight
 q - 2 potions of mutation
 t - a potion of berserk rage
 z - a potion of brilliance
 D - a potion of haste


   Skills:
 + Level 7.1 Fighting
 + Level 10.1 Axes
 + Level 7.5 Armour
 + Level 7.6 Shields
 * Level 7.0 Invocations
 * Level 5.6 Evocations


You had 10 spell levels left.
You didn't know any spells.
Your spell library contained the following spells:

 Spells                   Type           Power      Damage    Failure   Level
 Beastly Appendage        Tmut           0%         N/A       100%        1
 Foxfire                  Conj/Fire      0%         2x1d4     100%        1
 Freeze                   Ice            0%         1d3       100%        1
 Sting                    Tmut/Pois      0%         1d3       100%        1
 Poisonous Vapours        Pois/Air       0%         N/A       100%        2
 Wereblood                Tmut           0%         N/A       100%        2
 Frozen Ramparts          Ice            0%         1d1       100%        3
 Hailstorm                Conj/Ice       0%         3d3       100%        3
 Spider Form              Tmut/Pois      0%         N/A       100%        3
 Ice Form                 Ice/Tmut       0%         N/A       100%        4
 Manifold Assault         Tloc           0%         N/A       100%        4
 Olgreb's Toxic Radiance  Pois           0%         N/A       100%        4
 Fireball                 Conj/Fire      0%         3d3       100%        5
 Dispersal                Tloc           0%         N/A       100%        6
 Starburst                Conj/Fire      0%         6d3       100%        6
 Disjunction              Tloc           0%         N/A       100%        8
 Chain Lightning          Conj/Air       0%         N/A       100%        9
 Fire Storm               Conj/Fire      0%         5d1       100%        9
 Shatter                  Erth           0%         3d5*      100%        9
 Simulacrum               Ice/Necr       Unusable   N/A       N/A         6

Dungeon Overview and Level Annotations

Branches:
Dungeon (8/15)             Temple (1/1) D:5            Lair (1/5) D:8
  Sewer (visited)

Altars:
Ashenzari
Dithmenos
Elyvilon
Fedhas
Gozag
Hepliaklqana
Kikubaaqudgha
Nemelex Xobeh
Okawaru
Qazlal
Ru
Sif Muna
Trog
Uskayaw
Vehumet
Wu Jian
Xom
Yredelemnul
Zin
The Shining One

Shops:
D:1 [   D:2 !   D:3 [

Annotations:
Lair:1 Erica


Innate Abilities, Weirdness & Mutations

You are immune to sickness and miasma.
Your stone body is resilient. (AC +8)
You are immune to poison.
You resist negative energy. (rN+)
You are resistant to electric shocks. (rElec)
You are resistant to unholy torment.
You are immune to petrification.
You are partially covered in iridescent scales. (AC +2)
Your muscles are strong. (Str +4, Int/Dex -1)


Message History

Erica gestures wildly while chanting.
Erica flickers and vanishes!
Deactivating autopickup; reactivate with Ctrl-A.
The komodo dragon bites you but does no damage.
You closely miss something. You hit the komodo dragon.
Something hits you but does no damage. The komodo dragon bites you!
Something hits you. Something burns you.
Unknown command.
You barely miss something. You miss the komodo dragon.
The komodo dragon bites you but does no damage.
Something hits you but does no damage. The komodo dragon bites you!!
* * * LOW HITPOINT WARNING * * *
You feel much better. Something hits you but does no damage.
The komodo dragon barely misses you.
You feel very mighty all of a sudden. Something hits you. Something burns you.
The komodo dragon bites you!
Unknown command.
You miss the komodo dragon.
The komodo dragon is lightly wounded.
You closely miss something.
You feel less confused. Something hits you. Something burns you.
* * * LOW HITPOINT WARNING * * *
The komodo dragon bites you!
* * * LOW HITPOINT WARNING * * *
You closely miss something. You barely miss the komodo dragon.
You block something's attack. The komodo dragon barely misses you.
Unknown command.
You miss something. You slash the komodo dragon! Something hits you.
* * * LOW HITPOINT WARNING * * *
Something burns you.
* * * LOW HITPOINT WARNING * * *
You block the komodo dragon's attack. Something hits you but does no damage.
You miss something. You completely miss the komodo dragon.
The komodo dragon barely misses you. Something hits you.
* * * LOW HITPOINT WARNING * * *
Something burns you.
* * * LOW HITPOINT WARNING * * *
The komodo dragon bites you!
You die...

#...###........†.#
#.....#.........##
#....>........##
##.....P.......#
#########.#....#.......#
.#..P.#.###.#..##.......#
..............#....#...##
..............l........#
...............@........#
...............{.........#
.........................#
.......PP............>..#.#
.......#.................##
.......##...###...........
..###.. #..## ##.#...#. .
### #### ###.## ##


You could see a komodo dragon.

Vanquished Creatures
  Pikel (D:7)
  Joseph (D:7)
  Maggie (D:7)
  2 cane toads
  A komodo dragon (D:8)
  A hornet (D:6)
  9 blink frogs
  4 yaks (D:8)
  A wraith (D:8)
  Eustachio (Temple)
  Grum (Lair:1)
  A basilisk (Lair:1)
  A steam dragon (D:8)
  An orc warrior (D:6)
  2 ice beasts
  2 sky beasts
  2 black bears
  2 ogres (D:6)
  4 wolves (Lair:1)
  A centaur (D:8)
  A lemure (D:6)
  A phantom (D:6)
  Blork the orc (D:6)
  7 bullfrogs
  6 necrophages
  6 scorpions
  8 wights
  10 killer bees (D:7)
  A howler monkey (D:6)
  6 hounds
  5 orc priests
  A jelly (D:6)
  6 orc wizards
  5 iguanas
  7 gnolls
  3 river rats (Sewer)
  9 adders
  2 shadow imps
  A white imp (D:6)
  2 ufetubi
  4 worms
  3 dart slugs
  17 orcs
  4 bats
  5 endoplasms
  7 giant cockroaches
  4 goblins
  3 hobgoblins
  3 jackals (D:2)
  5 quokkas
  17 ball pythons
  4 frilled lizards
  6 kobolds
  28 rats
237 creatures vanquished.

Vanquished Creatures (others)
  2 plants
2 creatures vanquished.

Grand Total: 239 creatures vanquished

Notes
Turn   | Place    | Note
-------+----------+-------------------------------------------
     0 | D:1      | bande the Gargoyle Fighter began the quest for the Orb.
     0 | D:1      | Reached XP level 1. HP: 14/14 MP: 1/1
   314 | D:1      | Reached XP level 2. HP: 18/19 MP: 2/2
   421 | D:1      | Reached skill level 2 in Axes
   552 | D:1      | Found Xoiny's Armour Emporium.
   586 | D:1      | Found a faded altar of an unknown god.
   609 | D:1      | Reached XP level 3. HP: 23/23 MP: 3/3
   889 | D:2      | Found an opulent altar of Gozag.
   993 | D:2      | Reached XP level 4. HP: 29/29 MP: 4/4
  1387 | D:2      | Found Dueq's Distillery.
  1756 | D:2      | Reached skill level 3 in Axes
  1756 | D:2      | Reached XP level 5. HP: 33/33 MP: 5/5
  1947 | D:3      | Found an opulent altar of Gozag.
  2005 | D:3      | Found a bloodstained altar of Trog.
  2155 | D:3      | Found Bevvoysk's Antique Armour Shop.
  2162 | D:3      | Bought a kite shield for 112 gold pieces
  2680 | D:3      | Found a hazy altar of Hepliaklqana.
  2691 | D:3      | Found a faded altar of an unknown god.
  3072 | D:4      | Reached XP level 6. HP: 22/38 MP: 6/6
  3250 | D:4      | Reached skill level 4 in Axes
  3304 | D:4      | Found a glowing drain.
  3318 | Sewer    | Entered a sewer
  4267 | Sewer    | Reached XP level 7. HP: 32/44 MP: 7/7
  4719 | D:5      | Entered Level 5 of the Dungeon
  4720 | D:5      | Gained mutation: You have large cloven feet. [potion of
                  | mutation]
  4720 | D:5      | Gained mutation: Your spells are a little harder to cast,
                  | but a little more powerful. [potion of mutation]
  4720 | D:5      | Lost mutation: Your spells are a little harder to cast, but
                  | a little more powerful. [potion of mutation]
  4720 | D:5      | Gained mutation: You have a pair of small horns on your
                  | head. [potion of mutation]
  4721 | D:5      | Lost mutation: You have a pair of small horns on your head.
                  | [potion of mutation]
  4721 | D:5      | Lost mutation: You have large cloven feet. [potion of
                  | mutation]
  4721 | D:5      | Gained mutation: Your muscles are strong. (Str +4, Int/Dex
                  | -1) [potion of mutation]
  4721 | D:5      | Gained mutation: You are partially covered in iridescent
                  | scales. (AC +2) [potion of mutation]
  4738 | D:5      | Found a staircase to the Ecumenical Temple.
  4747 | D:5      | Noticed Eustachio
  4750 | Temple   | Entered the Ecumenical Temple
  4831 | Temple   | Became a worshipper of Warmaster Okawaru
  4869 | Temple   | Reached skill level 5 in Axes
  4916 | Temple   | Killed Eustachio
  4917 | Temple   | Reached skill level 5 in Armour
  4917 | Temple   | Reached skill level 5 in Shields
  4917 | Temple   | Reached skill level 1 in Invocations
  5132 | D:5      | Reached skill level 1 in Evocations
  5265 | D:5      | Identified a scroll of acquirement
  5265 | D:5      | Acquired the +7 broad axe of the Present {vorpal, rCorr}
  5274 | D:5      | Reached XP level 8. HP: 48/48 MP: 9/9
  5340 | D:5      | Found a radiant altar of Vehumet.
  5741 | D:5      | Reached * piety under Okawaru
  6011 | D:5      | Reached skill level 6 in Axes
  6219 | D:6      | Reached skill level 5 in Fighting
  6234 | D:6      | Reached ** piety under Okawaru
  6248 | D:6      | Noticed Blork the orc
  6257 | D:6      | Killed Blork the orc
  6278 | D:6      | Reached XP level 9. HP: 49/54 MP: 11/11
  6556 | D:6      | Found an ornate altar of the Wu Jian Council.
  6708 | D:6      | Reached skill level 7 in Axes
  6949 | D:7      | Noticed a hornet
  6956 | D:6      | Killed a hornet
  7037 | D:7      | Reached *** piety under Okawaru
  7094 | D:7      | Noticed Pikel
  7108 | D:7      | Killed Pikel
  7109 | D:7      | Reached skill level 8 in Axes
  7150 | D:7      | Reached XP level 10. HP: 60/60 MP: 13/13
  7155 | D:7      | Reached skill level 5 in Invocations
  7182 | D:7      | Noticed Maggie
  7192 | D:7      | Killed Maggie
  7262 | D:7      | Found a blossoming altar of Fedhas.
  7326 | D:7      | Found a broken altar of Ashenzari.
  7351 | D:7      | Noticed Joseph
  7360 | D:7      | Killed Joseph
  7599 | D:7      | Reached **** piety under Okawaru
  7620 | D:7      | Received a gift from Okawaru
  7842 | D:8      | Found a glowing golden altar of the Shining One.
  7881 | D:8      | Found a sacrificial altar of Ru.
  8062 | D:8      | Found a shimmering blue altar of Sif Muna.
  8227 | D:8      | Reached skill level 9 in Axes
  8299 | D:8      | Found a staircase to the Lair.
  8336 | D:8      | Reached skill level 5 in Evocations
  8531 | Lair:1   | Entered Level 1 of the Lair of Beasts
  8531 | Lair:1   | Noticed a cane toad
  8540 | D:8      | Killed a cane toad
  8552 | D:8      | Reached XP level 11. HP: 21/66 MP: 15/15
  8727 | Lair:1   | Reached ***** piety under Okawaru
  8764 | D:8      | HP: 3/66 [blink frog (11)]
  8996 | Lair:1   | Reached skill level 10 in Axes
  9011 | Lair:1   | Noticed Grum
  9022 | Lair:1   | Received a gift from Okawaru
  9023 | Lair:1   | Killed Grum
  9311 | Lair:1   | Noticed Erica
  9328 | Lair:1   | Slain by a komodo dragon

Illustrated notes

Levels and vault maps discovered:
D:1:      dpeg_arrival_castle, layout_loops_ring, ebering_ecumenical_altar_mist,
          serial_shops, shop
D:2:      layout_loops_ring, serial_shops, nicolae_square_shop, basic_altar,
          st_stairs_2
D:3:      layout_loops_ring, lemuel_tele_altar,
          beargit_hepliaklqana_dungeon_heroes, old_standard_altar, serial_bayou,
          serial_bayou_pond_a, serial_bayou_pond_b, serial_bayou_lagoon_a,
          serial_bayou_shore_a, serial_shops,
          nicolae_shop_temple_entry_statues_fountains
D:4:      layout_cave_pools, gup_sewer_entry_pipe, serial_park_tiny_1
D:5:      layout_basic, vehumet_altar_wand_db, minmay_temple_entry_waves,
          uniq_eustachio
D:6:      layout_basic, nzn_wu_jian_council_hall, chequers_serial_rivers_room_b,
          minmay_quadrilaterals, uniq_blork_the_orc
D:7:      layout_basic, fedhas_altar_1, nicolae_ashenzari_panopticon,
          minivault_10, uniq_pikel, uniq_joseph, uniq_maggie
D:8:      layout_loops_ring, nicolae_ru_awakened_eye, kennysheep_mini_moat,
          mainiacjoe_overflow_six_doors_small, lair_entry_dummy,
          minmay_checkerbox
Temple:   jpeg_temple_clearing
Lair:1:   gammafunk_cloud_chamber, layout_hall_layers,
          dreamdust_deal_with_the_devil, uniq_erica, uniq_grum

Skill      XL: |  1  2  3  4  5  6  7  8  9 10 11 |
---------------+----------------------------------+-----
Axes           | 2 3 4 5 6 8 9 10 | 10.1
Armour         | 4 5 6 7 |  7.5
Shields        | 4 5 6 7 |  7.6
Fighting       | 4 5 6 7 |  7.1
Invocations    | 1 3 4 6 7 |  7.0
Evocations     | 1 2 4 5 |  5.6

Action                   |  1- 3 |  4- 6 |  7- 9 | 10-12 || total
-------------------------+-------+-------+-------+-------++-------
Melee: War axe           |    95 |   247 |    68 |       ||   410
       Broad axe         |       |       |   132 |   194 ||   326
  Use: Scroll            |       |    16 |     6 |     4 ||    26
       Potion            |       |       |     4 |     6 ||    10
Armor: Scale mail        |    72 |    45 |       |       ||   117
       Chain mail        |       |   150 |   150 |   140 ||   440
Dodge: Dodged            |    47 |    84 |    71 |    68 ||   270
Block: Buckler           |    22 |    21 |       |       ||    43
       Kite shield       |       |   111 |   138 |   135 ||   384

Table legend: (Time is in decaauts)
 A = Elapsed time spent in this place.
 B = Non-inter-level travel time spent in this place.
 C = Inter-level travel time spent in this place.
 D = Time resting spent in this place.
 E = Time spent auto-exploring this place.
 F = Levels seen in this place.
 G = Mean time per level.
                   A        B        C        D        E       F      G
               +--------+--------+--------+--------+--------+-----+--------+
         Total |   9710 |   9425 |    285 |   1960 |   5325 |  11 |  882.7 |
       Dungeon |   7628 |   7362 |    266 |    705 |   4975 |   8 |  953.5 |
        Temple |    375 |    356 |     19 |    205 |     61 |   1 |  375.0 |
          Lair |    473 |    473 |      0 |    185 |    128 |   1 |  473.0 |
         Sewer |   1231 |   1231 |      0 |    865 |    161 |   1 | 1231.0 |
               +--------+--------+--------+--------+--------+-----+--------+

Top non-repeatable levels by time:
   Sewer: 1231 daAuts
     D:3: 1179 daAuts
     D:2: 1108 daAuts
     D:5: 1077 daAuts
     D:8: 1066 daAuts
     D:6: 888 daAuts
     D:7: 873 daAuts
     D:1: 817 daAuts
     D:4: 617 daAuts
  Lair:1: 473 daAuts
  Temple: 375 daAuts
